 Dungeon Crawl Stone Soup version 0.21.1-1-g345015f (webtiles) character file.

119 FRamirez the Grave Robber (level 4, -1/30 HPs)
             Began as a Vampire Necromancer on Mar 3, 2018.
             Slain by a gnoll
             ... wielding a +0 spear
              (5 damage)
             ... on level 3 of the Dungeon.
             The game lasted 00:17:18 (2743 turns).

FRamirez the Grave Robber (Vampire Necromancer)     Turns: 2743, Time: 00:17:18

Health: -1/30      AC:  4    Str:  8    XL:     4   Next: 74%
Magic:  0/9        EV: 13    Int: 17    God:
Gold:   85         SH:  0    Dex: 14    Spells: 8/9 levels left

rFire    x . .     SeeInvis +   g - +2 dagger (freeze)
rCold    + + .     Gourm    .   (no shield)
rNeg     + + .     Faith    .   a - +0 robe
rPois    +         Spirit   .   (no helmet)
rElec    .         Reflect  .   (no cloak)
rCorr    .         Harm     .   (no gloves)
MR       .....                  (no boots)
Stlth    +++.......             (no amulet)
HPRegen  0.05/turn              d - ring of ice
MPRegen  0.11/turn              j - +2 ring of protection

@: regenerating slowly
A: fangs 3, see invisible, unbreathing
a: Bat Form


You were on level 3 of the Dungeon.
You were near bloodless.

You visited 1 branch of the dungeon, and saw 3 of its levels.

You collected 85 gold pieces.

Inventory:

Hand Weapons
 e - a +0 short sword
 g - a +2 dagger of freezing (weapon)
Armour
 a - a +0 robe (worn)
Jewellery
 d - a ring of ice (left hand)
 f - an uncursed ring of flight
 j - a +2 ring of protection (right hand)
Scrolls
 c - a scroll of identify
Potions
 h - a potion of heal wounds {unknown}
 i - a potion of curing {unknown}
 k - a potion of berserk rage {unknown}
 l - 3 potions of blood
Books
 b - a book of Necromancy

   Spells                             Type                      Level
   a - Pain                           Necromancy                   1
   b - Animate Skeleton               Necromancy                   1
   c - Vampiric Draining              Necromancy                   3
   d - Regeneration                   Charms/Necromancy            3
   e - Animate Dead                   Necromancy                   4
   f - Borgnjor's Vile Clutch         Necromancy/Earth             5


   Skills:
 + Level 0.1 Fighting
 + Level 2.4 Dodging
 + Level 3.2 Stealth
 + Level 0.3 Unarmed Combat
 + Level 3.4 Spellcasting
 + Level 5.5 Necromancy


You had 8 spell levels left.
You knew the following spells:

 Your Spells              Type           Power        Failure   Level  Hunger
a - Pain                  Necr           ###.         1%          1    None


Dungeon Overview and Level Annotations

Branches:
Dungeon (3/15)

Altars:
Makhleb
Uskayaw


Innate Abilities, Weirdness & Mutations

You heal slowly.
You have razor-sharp teeth.
You have supernaturally acute eyesight. (SInv)
You can survive without breathing.


Message History

The gnoll hits you with a spear.
You hit the gnoll. You freeze the gnoll.
The gnoll is severely wounded.
The gnoll hits you with a spear.
* * * LOW HITPOINT WARNING * * *
Casting: Pain
Confirm with . or Enter, or press ? or * to list all spells.
Aiming: Pain
Press: ? - help, Shift-Dir - straight line, f/p - gnoll
Aim: a gnoll, wielding a spear (severely wounded, chance to defeat MR: 86%)
Okay, then.
Welcome back, FRamirez the Vampire Necromancer.
Press ? for a list of commands and other information.
Casting: Pain
Confirm with . or Enter, or press ? or * to list all spells.
Aiming: Pain
Press: ? - help, Shift-Dir - straight line, f - gnoll
Aim: a gnoll, wielding a spear (severely wounded, chance to defeat MR: 86%)
The gnoll writhes in agony!
The gnoll hits you with a spear.
You die...

..... #...
#.. #.#
########.##
#.........#
#.#######.#
#.# #g# #.#
#@#
.#######)#
#.#
.........#
#.#
#######..#
#.# ###
#..# #.#
#######..#
#..
+.._..'..#
###
###.###..#
#.# #.##


You could see a gnoll.

Vanquished Creatures
  A hound (D:2)
  Terence (D:2)
  2 gnolls (D:3)
  2 worms (D:2)
  2 leopard geckos
  A giant cockroach (D:1)
  7 goblins
  5 hobgoblins
  9 kobolds
  4 bats
  A frilled lizard (D:2)
  3 rats
38 creatures vanquished.

Notes
Turn   | Place    | Note
-------+----------+-------------------------------------------
     0 | D:1      | FRamirez the Vampire Necromancer began the quest for the Orb.
     0 | D:1      | Reached XP level 1. HP: 13/13 MP: 3/3
   375 | D:1      | Reached XP level 2. HP: 7/19 MP: 0/5
  1302 | D:2      | Reached skill level 5 in Necromancy
  1356 | D:2      | Reached XP level 3. HP: 3/24 MP: 2/6
  2152 | D:2      | Noticed Terence
  2161 | D:2      | Killed Terence
  2598 | D:2      | Found a burning altar of Makhleb.
  2601 | D:2      | Reached XP level 4. HP: 26/30 MP: 4/8
  2700 | D:3      | Found a hide-covered altar of Uskayaw.
  2743 | D:3      | Slain by a gnoll

Skill      XL: |  1  2  3 |
---------------+----------+-----
Necromancy     | 5 |  5.5
Spellcasting   | 3 |  3.4
Fighting       | |  0.1
Dodging        | |  2.4
Stealth        | |  3.2
Unarmed Combat | |  0.3

Action                   |  1- 3 |  4- 6 || total
-------------------------+-------+-------++-------
Melee: Unarmed           |     8 |       ||     8
       Dagger            |     9 |     1 ||    10
       Bite              |     4 |       ||     4
       Short sword       |    14 |       ||    14
 Cast: Pain              |    66 |    12 ||    78
 Abil: Evoke Flight      |     1 |       ||     1
  Use: Scroll            |     5 |       ||     5
       Potion            |     1 |       ||     1
  Eat: Corpse            |     2 |       ||     2
Armor: Robe              |     7 |     1 ||     8
Dodge: Dodged            |    25 |     3 ||    28
